 Dungeon Crawl Stone Soup version 0.18.1-50-g88ac8fd (webtiles) character file.

117 go0n the Sneak (level 5, 0/34 HPs)
             Began as an Octopode Assassin on Sept 16, 2016.
             Succumbed to an adder's poison
             ... on level 4 of the Dungeon.
             The game lasted 00:07:12 (2622 turns).

go0n the Sneak (Octopode Assassin)                  Turns: 2622, Time: 00:07:13

Health: 0/34       AC:  1    Str: 12    XL:     5   Next: 1%
Magic:  5/5        EV: 12    Int: 14    God:
Gold:   49         SH:  0    Dex: 14    Spells: 0 memorised, 4 levels left

rFire  . . .     SeeInvis .     j - +2 dagger (venom)
rCold  . . .     Gourm    .     (no shield)
rNeg   . . .     Faith    .     (helmet restricted)
rPois  +         Spirit   .     (no amulet)
rElec  .         Dismiss  .     e - +2 ring of strength
rCorr  .         Reflect  .     (no ring)
SustAt .         Harm     .     (no ring)
MR     .....                    (no ring)
Stlth  +++++.....               (no ring)
                                (no ring)
                                (no ring)
                                (no ring)

@: lethally poisoned (0 -> -3), not resistant to hostile enchantments, quite
stealthy
A: almost no armour, amphibious, 8 rings, constrict 8, camouflage 1, poison
resistance, gelatinous body 1, evolution 1, MP-powered wands
a: no special abilities


You were on level 4 of the Dungeon.
You were not hungry.

You visited 1 branch of the dungeon, and saw 4 of its levels.

You collected 49 gold pieces.

Inventory:

Hand Weapons
 a - a +2 dagger
 b - a +0 blowgun
 j - a +2 dagger of venom (weapon)
Missiles
 c - 8 poisoned needles
 d - 2 curare-tipped needles
Jewellery
 e - a +2 ring of strength (left tentacle)
Scrolls
 g - 4 scrolls of identify
 h - a scroll of remove curse
Potions
 o - a potion of ambrosia
 r - a potion of lignification
Comestibles
 f - a bread ration
 q - a slice of pizza


   Skills:
 - Level 2.0 Fighting
 + Level 3.8 Short Blades
 - Level 2.0 Throwing
 - Level 1.0 Dodging
 + Level 7.0 Stealth


You had 4 spell levels left.
You didn't know any spells.

Dungeon Overview and Level Annotations

Branches:
Dungeon (4/15)
 Temple: D:4-7

Altars:

Annotations:
D:3 Jessica


Innate Abilities, Weirdness & Mutations

You cannot wear most types of armour.
You are amphibious.
You can wear up to eight rings at the same time.
You can use your tentacles to constrict eight enemies at once.
Your skin changes colour to match your surroundings (Stealth).
Your rubbery body absorbs attacks (AC +1).
Your system is resistant to poisons.
You evolve.
You expend magic power (3 MP) to strengthen your wands.


Message History

Deactivating autopickup; reactivate with Ctrl-A.
The adder closely misses you.
Jessica mumbles some strange words.
Jessica blinks!
The adder barely misses you. The jackal bites you.
* * * LOW HITPOINT WARNING * * *
You feel sick. The adder bites you.
* * * LOW HITPOINT WARNING * * *
There is a stone staircase leading down here.
The adder bites you.
* * * LOW HITPOINT WARNING * * *
You climb downwards. 2 orcs and an orc priest come into view.
There is a stone staircase leading up here.
* * * LOW HITPOINT WARNING * * *
You feel sick.
The orc shouts!
The adder bites you.
* * * LOW HITPOINT WARNING * * *
You die...

# #...##. +. .....
#.# .... #... ...
## . ##.o.##.# .#
... #.....#.##
.##....
#.o....###.......
#..o<.S.@.......
#...#.###.........
... ## ##........
. #........
..###.... .## ....
# ... .)


You could see an orc priest (wandering), an adder and an orc.

Vanquished Creatures
  5 adders (D:2)
  3 worms (D:2)
  2 dart slugs (D:1)
  A ball python (D:1)
  10 bats
  2 giant cockroaches (D:1)
  5 goblins
  7 hobgoblins
  6 jackals (D:1)
  4 kobolds
  4 giant newts
  10 rats
59 creatures vanquished.

Notes
Turn   | Place    | Note
--------------------------------------------------------------
     0 | D:1      | go0n the Octopode Assassin began the quest for the Orb.
     0 | D:1      | Reached XP level 1. HP: 14/14 MP: 1/1
   145 | D:1      | Reached XP level 2. HP: 3/19 MP: 2/2
   826 | D:1      | Reached XP level 3. HP: 24/24 MP: 3/3
   836 | D:1      | Reached skill level 6 in Stealth
  1294 | D:2      | Reached XP level 4. HP: 13/29 MP: 4/4
  1586 | D:2      | Gained mutation: You evolve. [potion of mutation]
  1586 | D:2      | Gained mutation: You expend magic power (3 MP) to strengthen your wands. [potion of mutation]
  1586 | D:2      | Gained mutation: Your system is resistant to poisons. [potion of mutation]
  1597 | D:2      | HP: 1/29 [poisoned by an adder]
  1603 | D:2      | HP: 1/43 [poisoned by an adder]
  2451 | D:2      | Reached skill level 7 in Stealth
  2509 | D:3      | Reached XP level 5. HP: 34/34 MP: 5/5
  2595 | D:3      | Noticed Jessica
  2620 | D:4      | HP: 1/34 [adder (1)]
  2622 | D:4      | Succumbed to an adder's poison

Skill      XL: |  1  2  3  4 |
---------------+-------------+-----
Stealth        | 6 7 |  7.0
Short Blades   | 3 |  3.8
Fighting       | |  2.0
Throwing       | |  2.0
Dodging        | |  1.0

Action                   |  1- 3 |  4- 6 || total
-------------------------+-------+-------++-------
Melee: Dagger            |    69 |    49 ||   118
       Constrict         |    15 |    11 ||    26
       Tentacles         |    10 |     7 ||    17
  Use: Scroll            |       |     7 ||     7
       Potion            |       |     3 ||     3
 Stab: Sleeping          |    10 |     4 ||    14
       Distracted        |     1 |       ||     1
  Eat: Chunk             |     1 |     1 ||     2
       Bread ration      |       |     1 ||     1
Armor: Skin              |     5 |    22 ||    27
Dodge: Dodged            |    34 |    63 ||    97
